 Dungeon Crawl Stone Soup version 0.18-a0-1285-g60d00e1 (webtiles) character file.

20689 Scytalen the Fencer (level 13, -1/98 HPs)
             Began as a Formicid Fighter on Feb 8, 2016.
             Was the Champion of Jiyva.
             Slain by a black mamba (14 damage)
             ... on level 4 of the Lair of Beasts.
             The game lasted 01:03:38 (16447 turns).

Scytalen the Fencer (Formicid Fighter)             Turns: 16447, Time: 01:03:39

Health: -1/98      AC: 16    Str: 25    XL:     13   Next: 14%
Magic:  13/13      EV: 10    Int:  8    God:    Jiyva [******]
Gold:   279        SH: 18    Dex: 13    Spells: 0 memorised, 12 levels left

rFire  . . .     SeeInvis +     P - +0 great sword
rCold  . . .     Gourm    .     G - +2 scale mail of the Tick {+Blink rN++}
rNeg   + + +     Faith    .     c - +0 shield
rPois  .         Spirit   .     (helmet unavailable)
rElec  .         Dismiss  .     s - +1 cloak
rCorr  +         Reflect  +     o - +0 pair of gloves
SustAt .         Harm     .     B - +0 pair of boots
MR     +....                    v - +5 amulet of reflection
Stlth  +.........               A - ring of stealth
                                t - ring of positive energy

@: somewhat resistant to hostile enchantments, very unstealthy
A: permanent stasis, dig shafts and tunnels, four strong arms, antennae 3, agile
1, eyeballs 1, gelatinous body 1, translucent skin 1, evolution 1
a: Dig, Shaft Self, Request Jelly, Jelly Paralyse, Slimify, Cure Bad Mutation,
Renounce Religion


You were on level 4 of the Lair of Beasts.
You worshipped Jiyva.
Jiyva was exalted by your worship.
You were very full.

You visited 2 branches of the dungeon, and saw 15 of its levels.

You collected 279 gold pieces.

Inventory:

Hand Weapons
 a - a +3 long sword of freezing
 M - a cursed -3 blowgun
 P - a +0 great sword (weapon)
Missiles
 e - 281 stones (quivered)
 y - a throwing net
 F - 7 poisoned tomahawks
 K - a curare-tipped needle
Armour
 c - a +0 shield (worn)
 o - a +0 pair of gloves (worn)
 s - a +1 cloak (worn)
 B - a +0 pair of boots (worn)
 G - the +2 scale mail of the Tick (worn) {+Blink rN++}
   (You found it on level 10 of the Dungeon)

   It greatly protects you from negative energy.
   It lets you blink.
Jewellery
 t - a ring of positive energy (left hand)
 v - a +5 amulet of reflection (around neck)
 A - a ring of stealth (right hand)
Wands
 m - a wand of teleportation (3/9)
 n - a wand of slowing (43/48)
 w - a wand of digging (5/24)
 L - a wand of iceblast (9/15)
Scrolls
 b - a scroll of teleportation {unknown}
 g - a scroll of enchant armour
 i - a scroll of magic mapping {unknown}
 j - 2 scrolls of recharging
 k - a scroll of blinking {unknown}
 p - 3 scrolls of amnesia
 q - a scroll of immolation {unknown}
 r - a scroll of remove curse
 u - 2 scrolls of fear {unknown}
 I - 2 scrolls of random uselessness {unknown}
 J - 2 scrolls of enchant weapon {unknown}
Potions
 d - a potion of haste
 z - a potion of flight
 H - 2 potions of curing
 N - a potion of lignification
Books
 C - a book of the Tempests

   Spells                             Type                      Level
   a - Static Discharge               Conjuration/Air              3
   b - Lightning Bolt                 Conjuration/Air              5
   c - Fireball                       Conjuration/Fire             5
   d - Tornado                        Air                          9
   e - Shatter                        Earth                        9
Comestibles
 f - 7 bread rations
 h - 3 meat rations
 l - a slice of pizza
 x - 6 beef jerkies
 E - 2 royal jellies


   Skills:
 - Level 8.2 Fighting
 + Level 15.2 Long Blades
 - Level 8.3 Armour
 - Level 12.0 Shields


You had 12 spell levels left.
You didn't know any spells.

Dungeon Overview and Level Annotations

Branches:
Dungeon (10/15)            Temple (0/1) D:6            Lair (5/8) D:10
    Orc (0/2) D:10
  Swamp: Lair:3-6    Shoals: Lair:3-6     Snake: Lair:3-6    Spider: Lair:3-6

Altars:
Elyvilon
Fedhas
Gozag
Qazlal
Ru
Trog
Vehumet
Xom
Yredelemnul
The Shining One
Jiyva

Shops:
D:7 %%[


Innate Abilities, Weirdness & Mutations

You are under a permanent stasis effect.
You can dig through walls and to a lower floor.
Your four strong arms can wield two-handed weapons with a shield.
You have a pair of large antennae on your head (SInv).
You are agile. (Dex +2)
Your body is partially covered in golden eyeballs (Acc +3).
Your rubbery body absorbs attacks (AC +1).
Your skin is partially translucent (Stealth, -foe acc).
You evolve.


Message History

You throw a stone. The stone misses the black mamba.
You block the black mamba's attack.
You slice the black mamba!!
The black mamba is heavily wounded.
The black mamba bites you but does no damage.
The black mamba bites you!
* * * LOW HITPOINT WARNING * * *
You take 14 damage, and have 20/98 hp.
You barely miss the black mamba.
The black mamba is heavily wounded.
You block the black mamba's attack.
You barely miss the black mamba.
The black mamba is heavily wounded.
You block the black mamba's attack. The black mamba bites you!
* * * LOW HITPOINT WARNING * * *
You take 8 damage, and have 12/98 hp.
You slash the black mamba!
The black mamba is almost dead.
The black mamba bites you!
You die...

#....#.###.###.#
##..#### #.#####
###..## #.....#
###....## ###...#
#.......# ######..#.
#.......###.........
#...................
#.......#....S......
#..@S.(..(#.........
#...>†..##(.........
###P######....>.....
### #.#.........
##########.# ###


You could see a black mamba.

Vanquished Creatures
  A death yak (Lair:4)
  A shambling mangrove (Lair:1)
  Pikel (D:7)
  A deep elf mage (D:10)
  6 elephants (Lair:5)
  2 black mambas
  Psyche (D:8)
  8 spiny frogs
  4 komodo dragons
  A fire drake (Lair:2)
  A troll (D:10)
  10 blink frogs
  6 yaks
  A wyvern (D:9)
  A vampire (D:10)
  A basilisk (Lair:1)
  3 hippogriffs
  Menkaure (D:5)
  6 wolves (Lair:4)
  22 water moccasins
  A black bear (D:8)
  5 orc warriors
  3 wasps (Lair:1)
  6 ice beasts
  3 phantoms
  A sky beast (D:9)
  7 ogres
  3 centaurs
  9 crocodiles
  6 giant frogs
  A wyvern zombie (D:7)
  3 scorpions
  6 killer bees
  5 wights (D:10)
  An electric eel (Lair:2)
  2 crimson imps
  A giant frog zombie (D:6)
  A quasit (D:9)
  A hound (D:5)
  4 orc priests
  A giant frog skeleton (D:8)
  5 iguanas
  5 orc wizards
  4 worker ants
  2 sheep (Lair:3)
  A worker ant zombie (D:7)
  21 adders
  22 river rats
  An adder skeleton (D:4)
  A worm (D:2)
  5 giant geckos
  15 orcs
  6 bats
  A giant cockroach (D:2)
  10 goblins
  7 hobgoblins
  11 jackals
  7 kobolds
  5 quokkas
  3 giant newts
  13 rats
  7 fungi
  2 plants
302 creatures vanquished.

Vanquished Creatures (collateral kills)
  A hill giant (D:10)
  2 ogres (D:7)
  3 wights (D:7)
6 creatures vanquished.

Vanquished Creatures (others)
  Sonja (Lair:3)
  A centaur zombie (D:10)
  2 blink frogs (Lair:5)
  The ghost of Lathuz the Shield-Bearer, an amateur GrFi (D:4)
  A hippogriff (D:9)
  A soldier ant (D:9)
  A porcupine (Lair:1)
  An ogre (D:5)
  2 centaurs
  A big kobold (D:10)
  4 giant frogs
  A scorpion (D:5)
  4 electric eels (D:8)
  68 jellies
  A giant frog zombie (D:5)
  An orc priest (D:7)
  An orc wizard (D:3)
  An iguana (D:4)
  4 worker ants
  3 sheep (Lair:3)
  A hound skeleton (D:4)
  An ooze (D:8)
  A worker ant zombie (D:7)
  2 river rats (Lair:5)
  7 adders
  A shadow imp (D:7)
  2 adder skeletons
  A giant gecko (D:10)
  21 orcs
  A ball python (D:7)
  3 giant cockroaches
  A goblin (D:3)
  A hobgoblin (D:3)
  11 jackals
  4 quokkas
  2 bats
  2 giant gecko skeletons (D:4)
  8 kobolds
  4 rats
  29 fungi
  9 plants
212 creatures vanquished.

Grand Total: 520 creatures vanquished

Notes
Turn   | Place    | Note
--------------------------------------------------------------
     0 | D:1      | Scytalen the Formicid Fighter began the quest for the Orb.
     0 | D:1      | Reached XP level 1. HP: 18/18 MP: 1/1
   500 | D:1      | Reached XP level 2. HP: 24/24 MP: 2/2
   956 | D:2      | Reached XP level 3. HP: 29/29 MP: 3/3
  1203 | D:2      | Found a faded altar to an unknown god.
  1215 | D:2      | Became a worshipper of Jiyva Jaeb the Shapeless
  1215 | D:2      | Reached * piety under Jiyva
  1286 | D:2      | Found a stormy altar of Qazlal.
  1645 | D:2      | Reached skill level 4 in Long Blades
  1645 | D:2      | Reached XP level 4. HP: 27/35 MP: 4/4
  1839 | D:2      | Reached ** piety under Jiyva
  2029 | D:3      | Reached XP level 5. HP: 9/41 MP: 5/5
  2173 | D:3      | Reached *** piety under Jiyva
  2285 | D:3      | Found a blossoming altar of Fedhas.
  2790 | D:3      | Noticed an ice beast
  2809 | D:3      | Killed an ice beast
  2809 | D:3      | Reached skill level 5 in Long Blades
  2809 | D:3      | Reached XP level 6. HP: 10/47 MP: 6/6
  3220 | D:4      | Reached skill level 6 in Long Blades
  3230 | D:4      | Reached **** piety under Jiyva
  3666 | D:4      | Gained mutation: You have a small jelly attached to you that senses nearby items. [Jiyva's grace]
  3669 | D:4      | Found a sacrificial altar of Ru.
  3864 | D:4      | Noticed Lathuz's ghost (amateur GrFi)
  3982 | D:4      | Noticed an ogre
  3988 | D:4      | Killed an ogre
  4004 | D:4      | Reached XP level 7. HP: 8/52 MP: 7/7
  4158 | D:4      | Killed Lathuz's ghost
  4461 | D:4      | Found an opulent altar of Gozag.
  4713 | D:5      | Entered Level 5 of the Dungeon
  4713 | D:5      | Noticed Menkaure
  4796 | D:5      | Reached skill level 7 in Long Blades
  5116 | D:5      | Gained mutation: You are partially covered in molten scales (AC +1). [Jiyva's grace]
  5139 | D:5      | Reached ***** piety under Jiyva
  5243 | D:5      | Reached skill level 8 in Long Blades
  5272 | D:5      | Lost mutation: You are partially covered in molten scales (AC +1). [Jiyva's grace]
  5376 | D:5      | Killed Menkaure
  5469 | D:5      | Reached XP level 8. HP: 8/58 MP: 8/8
  6070 | D:5      | Reached skill level 9 in Long Blades
  6733 | D:6      | Gained mutation: Your rubbery body absorbs attacks (AC +1). [Jiyva's grace]
  6795 | D:6      | Found a staircase to the Ecumenical Temple.
  6938 | D:6      | Reached skill level 10 in Long Blades
  7024 | D:6      | Gained mutation: Your magical capacity is low (-10% MP). [Jiyva's grace]
  7024 | D:6      | Reached ****** piety under Jiyva
  7518 | D:6      | Reached skill level 5 in Shields
  7518 | D:6      | Reached XP level 9. HP: 60/64 MP: 8/8
  7795 | D:7      | Gained mutation: You are agile. (Dex +2) [Jiyva's grace]
  7845 | D:7      | Gained mutation: Your mind is acute. (Int +2) [potion of mutation]
  7845 | D:7      | Lost mutation: You are agile. (Dex +2) [potion of mutation]
  7851 | D:7      | You fall through a shaft!
  7862 | D:8      | HP: 3/64 [poisoned by a killer bee]
  7867 | D:8      | HP: 2/64 [poisoned by a killer bee]
  7874 | D:8      | HP: 2/64 [poisoned by a killer bee]
  8365 | D:7      | Gained mutation: Your flesh is cold resistant. [Jiyva's grace]
  8378 | D:7      | Found Nyonatux's Food Shop.
  8457 | D:7      | Found Kaekk's Food Shoppe.
  8741 | D:7      | Noticed Pikel
  8772 | D:7      | Killed Pikel
  8772 | D:7      | Reached XP level 10. HP: 68/70 MP: 9/9
  9064 | D:7      | Found Kieng's Armour Boutique.
  9131 | D:8      | Noticed Psyche
  9146 | D:8      | Killed Psyche
  9146 | D:8      | Reached skill level 11 in Long Blades
  9449 | D:8      | Lost mutation: Your magical capacity is low (-10% MP). [Jiyva's grace]
  9482 | D:8      | Reached skill level 12 in Long Blades
  9484 | D:8      | Found a glowing golden altar of the Shining One.
  9587 | D:8      | Found a basalt altar of Yredelemnul.
 10052 | D:8      | Gained mutation: Your body is partially covered in golden eyeballs (Acc +3). [Jiyva's grace]
 10560 | D:9      | Found a shimmering altar of Xom.
 10560 | D:9      | Found a shimmering altar of Xom.
 10562 | D:9      | Found a shimmering altar of Xom.
 10636 | D:9      | Gained mutation: Your flesh is heat resistant. [Jiyva's grace]
 10828 | D:9      | Reached skill level 13 in Long Blades
 10884 | D:9      | Found a bloodstained altar of Trog.
 10972 | D:10     | Entered Level 10 of the Dungeon
 10991 | D:10     | Found a staircase to the Lair.
 11035 | D:10     | Lost mutation: Your flesh is heat resistant. [Jiyva's grace]
 11092 | D:10     | Noticed Harold
 11104 | D:10     | Slimified Harold
 11104 | D:10     | Noticed Harold
 11104 | D:10     | Harold changed into Harold the azure jelly
 11104 | D:10     | Lost mutation: Your mind is acute. (Int +2) [Jiyva's grace]
 11109 | D:10     | Noticed a hill giant
 11121 | D:10     | Killed a hill giant
 11121 | D:10     | Reached XP level 11. HP: 40/75 MP: 11/11
 11211 | D:10     | Noticed a deep elf mage
 11235 | D:10     | Killed a deep elf mage
 11256 | D:10     | Reached skill level 14 in Long Blades
 11331 | D:10     | Found a staircase to the Orcish Mines.
 11356 | D:10     | Got an aquamarine-encrusted scale mail
 11367 | D:10     | Identified the +2 scale mail of the Tick {+Blink rN++} (You found it on level 10 of the Dungeon)
 11463 | D:10     | Gained mutation: You are partially covered in icy blue scales (AC +1). [Jiyva's grace]
 11649 | Lair:1   | Entered Level 1 of the Lair of Beasts
 11761 | Lair:1   | Found a radiant altar of Vehumet.
 11762 | Lair:1   | Noticed an oklob plant
 11774 | Lair:1   | Noticed a shambling mangrove
 11774 | Lair:1   | an oklob plant changed into a shambling mangrove
 11810 | Lair:1   | Killed a shambling mangrove
 11902 | Lair:1   | Reached skill level 10 in Shields
 11973 | Lair:1   | Reached skill level 5 in Fighting
 11973 | Lair:1   | Reached skill level 5 in Armour
 12116 | Lair:1   | Gained mutation: Your skin changes colour to match your surroundings (Stealth). [Jiyva's grace]
 12691 | Lair:2   | Found a white marble altar of Elyvilon.
 12832 | Lair:2   | Reached XP level 12. HP: 79/88 MP: 12/12
 13171 | Lair:2   | Gained mutation: You evolve. [Jiyva's grace]
 14094 | Lair:3   | Noticed Sonja
 14146 | Lair:3   | Lost mutation: Your flesh is cold resistant. [Jiyva's grace]
 14149 | Lair:3   | Killed Sonja
 14213 | Lair:3   | Lost mutation: You have a small jelly attached to you that senses nearby items. [evolution]
 14464 | Lair:3   | Lost mutation: Your skin changes colour to match your surroundings (Stealth). [Jiyva's grace]
 14464 | Lair:3   | Gained mutation: Your skin is partially translucent (Stealth, -foe acc). [Jiyva's grace]
 15009 | Lair:4   | Lost mutation: You are partially covered in icy blue scales (AC +1). [Jiyva's grace]
 15894 | Lair:5   | Reached XP level 13. HP: 50/98 MP: 13/13
 16200 | Lair:5   | Gained mutation: You are agile. (Dex +2) [Jiyva's grace]
 16317 | Lair:5   | Reached skill level 15 in Long Blades
 16447 | Lair:4   | Slain by a black mamba

Vault maps used:
D:1:      saegor_arrival_simple_e, kennysheep_small_spiral,
          minmay_misc_feat_square, glass_columns_a, roderic_nine_men_s_morris
D:2:      lemuel_coloured_pillars_altar, ecumenical_altar_2, first_bread,
          minmay_misc_feat_five
D:3:      fedhas_altar_3
D:4:      grunt_gozag_statues, nicolae_ru_sacrificial_ziggurat
D:5:      item_on_display_a, uniq_menkaure
D:6:      temple_hall, grunt_ministairs_1, minmay_misc_feat_diagonals
D:7:      serial_shops, shop, nicolae_shop_trees, nicolae_shop_crystal,
          uniq_pikel
D:8:      statuecave_lemuel, lemuel_crystal_altar, lemuel_doored_altar,
          grunt_ogre_cave, uniq_psyche
D:9:      kennysheep_mini, xom_redecorated, hangedman_abyss_or_decor_stagger
D:10:     due_lair_maze_entry_diamond, orc_0_dummy, uniq_harold
Lair:1:   lemuel_oklob_altar
Lair:2:   lemuel_reptile_caves, basic_altar, nicolae_quartered_pool_super,
          infiniplex_staircase_pool_2
Lair:3:   uniq_sonja

Action                   |  1- 3 |  4- 6 |  7- 9 | 10-12 | 13-15 || total
-------------------------+-------+-------+-------+-------+-------++-------
Melee: Long sword        |   104 |   159 |   466 |   769 |       ||  1498
       Great sword       |       |       |       |    81 |    78 ||   159
Throw: Stone             |    43 |    15 |    57 |    97 |    12 ||   224
Invok: Slimify           |       |       |       |     2 |       ||     2
 Abil: Dig               |       |     4 |    10 |    16 |       ||    30
       Shaft Self        |       |       |     1 |       |       ||     1
Evoke: Wand              |       |       |       |     3 |       ||     3
  Use: Potion            |       |     3 |     2 |       |       ||     5
       Scroll            |       |       |     5 |     5 |       ||    10
 Stab: Confused          |       |       |       |    10 |       ||    10
       Sleeping          |       |       |       |     2 |       ||     2
  Eat: Chunk             |     2 |     4 |     3 |       |       ||     9
       Pizza             |       |       |     1 |       |       ||     1
